 Dungeon Crawl Stone Soup version 0.16-a0-4099-g0be755f (console) character file.

2471 MarvinPA the Magician (level 9, -2/46 HPs)
             Began as a Spriggan Necromancer on Feb 25, 2015.
             Was an Initiate of Gozag.
             Killed from afar by an anubis guard (28 damage)
             ... with a bolt of negative energy
             ... in a bailey.
             The game lasted 00:20:36 (9780 turns).

MarvinPA the Magician (Spriggan Necromancer)        Turns: 9780, Time: 00:20:37

Health: -2/46      AC:  4    Str:  4    XL:     9   Next: 26%
Magic:  27/27      EV: 20    Int: 17    God:    Gozag
Gold:   1523       SH:  0    Dex: 19    Spells: 4 memorised, 10 levels left

rFire  . . .     SeeInvis +     a - +2 dagger (elec)
rCold  . . .     Clarity  .     D - +0 robe {MR+}
rNeg   . . .     SustAb   .     (shield restricted)
rPois  .         Gourm    .     (helmet restricted)
rElec  .         Spirit   .     E - +1 cloak
rCorr  .         Warding  .     (gloves unavailable)
rMut   .         Stasis   .     (boots unavailable)
MR     +++..                    (no amulet)
Stlth  +++.......               (no ring)
                                z - ring of protection from magic

@: heavily drained, very quick, extremely resistant to hostile enchantments,
fairly stealthy
A: unfitting armour, see invisible, herbivore 3, speed 3, slow metabolism 2
a: Potion Petition, Call Merchant, Bribe Branch, Renounce Religion


You were in a bailey.
You worshipped Gozag.
Gozag was noncommittal.
You were not hungry.

You visited 2 branches of the dungeon, and saw 8 of its levels.
You also visited: Sewer and Bailey.

You collected 1615 gold pieces.
You paid 92 gold pieces to Gozag.


Innate Abilities, Weirdness & Mutations

You are tiny and cannot use many weapons and most armour.
You have supernaturally acute eyesight.
You are a herbivore.
You cover ground extremely quickly.
You need consume almost no food.


   Skills:
 - Level 4.7(3.5) Fighting
 - Level 6.1(4.9) Short Blades
 - Level 5.1(3.9) Dodging
 - Level 5.3(4.1) Stealth
 - Level 6.9(5.7) Spellcasting
 + Level 3.6(2.4) Charms
 + Level 6.6(5.3) Necromancy


You had 10 spell levels left.
You knew the following spells:

 Your Spells              Type           Power        Failure   Level  Hunger
g - Regeneration          Chrm/Necr      ###.......   10%         3    ##.....
x - Vampiric Draining     Necr           ###.......   6%          3    ##.....
z - Pain                  Necr           ###.         1%          1    None
Z - Control Undead        Necr           ###.......   17%         4    ####...

Inventory:

Hand weapons
 a - a +2 dagger of electrocution (weapon)
 l - the +6 hand axe "Thrin" {flame, Contam rC+ Str+6 Int+6, unknown}
   (You found it on level 7 of the Dungeon)

   It has been specially enchanted to burn those struck by it, causing extra
   injury to most foes and up to half again as much damage against particularly
   susceptible opponents.
   Big, fiery blades are also staple armaments of hydra-hunters.
   It affects your strength (+6).
   It affects your intelligence (+6).
   It protects you from cold.
   It causes magical contamination when unequipped.
 o - a +1 dagger of speed
Armour
 D - a +0 robe of magic resistance (worn)
 E - a +1 cloak (worn)
Jewellery
 j - an amulet of stasis
 z - a ring of protection from magic (left hand)
Magical devices
 t - a wand of fire (0)
 w - a wand of flame (17)
 x - a wand of polymorph (0)
Scrolls
 f - 3 scrolls of remove curse
 g - 7 scrolls of teleportation {@r4}
 i - a scroll of fear
 k - a scroll of magic mapping
 u - 2 scrolls of amnesia
 B - a scroll of blinking
Potions
 d - 2 potions of mutation {unknown}
 e - a potion of resistance {unknown}
 h - a potion of haste {@q3}
 m - 2 potions of magic
 p - 5 potions of curing {unknown}
 q - a potion of restore abilities
 r - a potion of invisibility {unknown}
 s - 2 potions of cancellation {unknown}
 v - a potion of ambrosia {!q}
 C - a potion of agility {unknown}
Books
 b - a book of Necromancy
 y - a book of Clouds
Comestibles
 c - 3 bread rations

Dungeon Overview and Level Annotations

Branches:
Dungeon (7/15)             Temple (1/1) D:6

Altars:
Ashenzari
Dithmenos
Fedhas
Gozag
Nemelex Xobeh
Okawaru
Qazlal
Ru
Sif Muna
Trog
Vehumet
Zin
The Shining One

Shops:
D:2 *   D:6 (

Annotations:
D:7 fcrawl's ghost, experienced GrBe

#..)8...#
#∩.....∩#
##.(...##
####'')####
##≈.......≈##
#≈≈.())...≈≈###
+≈≈.((....≈≈'.'
#≈≈)......≈≈###
+≈≈..i....≈≈£.+
#≈≈...(...≈≈###.
+≈≈(......≈≈£.'.
#≈≈...(...≈≈###.#
+≈≈...)...≈≈£.'.#
#≈≈.H..(..≈≈###.#
+≈≈.....(.≈≈'£'.#
#≈≈......£≈≈#####
##≈.......≈##


You could see an anubis guard (inner flame).


Message History

Zapping:
t - a wand of fire (will waste charges)
Aim: an anubis guard (catching its breath, inner flame)
The bolt of fire misses the anubis guard.
Evoking this partially-identified wand wasted a few charges.
You see here a tomahawk of returning.
Evoke which item? (* to show all) (? for menu, Esc to quit)
Zapping:
t - a wand of fire {zapped: 3} (will waste charges)
Aim: an anubis guard (inner flame)
The bolt of fire misses the anubis guard.
Evoking this partially-identified wand wasted a few charges.
The anubis guard howls a hunting cry!
Evoke which item? (* to show all) (? for menu, Esc to quit)
Zapping:
t - a wand of fire {zapped: 5} (will waste charges)
Aim: an anubis guard (catching its breath, inner flame) Nothing appears to happen.
Evoke which item? (* to show all) (? for menu, Esc to quit)
Zapping:
w - a wand of flame {zapped: 8} (will waste charges)
Aim: an anubis guard (catching its breath, inner flame)
The puff of flame hits the anubis guard.
The anubis guard is lightly wounded.
Evoking this partially-identified wand wasted a few charges.
The anubis guard howls a hunting cry!
The anubis guard breathes negative energy at you.
The bolt of negative energy hits you!
You feel drained.
You see here 3 tomahawks of returning.
The anubis guard breathes negative energy at you.
The bolt of negative energy hits you!
You feel drained.
Ouch! That really hurt!
You die...
Your body crumbles into a pile of gold.

Action                   |  1- 3 |  4- 6 |  7- 9 || total
-------------------------+-------+-------+-------++-------
Melee: Unarmed           |     1 |       |       ||     1
       Dagger            |       |    12 |   103 ||   115
 Cast: Pain              |   112 |   125 |   257 ||   494
       Vampiric Draining |       |    15 |    42 ||    57
       Regeneration      |       |     1 |       ||     1
       Control Undead    |       |       |     4 ||     4
Evoke: Wand              |       |     1 |    10 ||    11
  Use: Scroll            |       |       |    15 ||    15
 Stab: Distracted        |       |       |     1 ||     1
  Eat: Fruit             |       |     2 |     7 ||     9
       Royal jelly       |       |     1 |       ||     1

Vault maps used:
D:1:      minmay_arrival_wavy_path
D:2:      vehumet_crystals, nicolae_gozag_zags_fifth_avenue
D:4:      okawaru_ov_weapons_minmay, first_bread, minmay_misc_feat_tower,
          minmay_fountain_box
D:5:      ashenzari_altar_1, minivault_14, uniq_grinder
D:6:      fedhas_altar_1, minmay_temple_entry_nine_rooms,
          lightli_sewer_entry_pipes, serial_shops, nicolae_shop_stone
D:7:      enter_bailey_2
Temple:   temple_eino_lava_8
Sewer:    sewer_frog_island_02
Bailey:   bailey_axe_3, bailey

Notes
Turn   | Place    | Note
--------------------------------------------------------------
     0 | D:1      | MarvinPA, the Spriggan Necromancer, began the quest for the Orb.
     0 | D:1      | Reached XP level 1. HP: 9/9 MP: 4/4
    73 | D:1      | Reached skill level 3 in Spellcasting
   565 | D:1      | Reached XP level 2. HP: 7/13 MP: 4/8
  1272 | D:1      | Reached skill level 4 in Necromancy
  1699 | D:1      | Reached XP level 3. HP: 13/16 MP: 8/11
  1704 | D:1      | Learned a level 3 spell: Vampiric Draining
  1708 | D:1      | Learned a level 3 spell: Regeneration
  2429 | D:2      | Found an opulent altar of Gozag.
  2432 | D:2      | Found Gozag's Platinum Reserve.
  2498 | D:2      | Reached skill level 4 in Spellcasting
  2872 | D:2      | Became a worshipper of Gozag Ym Sagoz the Greedy
  3057 | D:2      | Reached XP level 4. HP: 1/21 MP: 3/15
  3401 | D:2      | Found a radiant altar of Vehumet.
  4325 | D:3      | Reached XP level 5. HP: 18/24 MP: 4/18
  4785 | D:3      | Reached skill level 5 in Spellcasting
  4971 | D:4      | Found an iron altar of Okawaru.
  4974 | D:4      | Reached skill level 5 in Necromancy
  5246 | D:4      | Noticed an ogre
  5263 | D:4      | Killed an ogre
  5263 | D:4      | Reached skill level 6 in Spellcasting
  5263 | D:4      | Reached XP level 6. HP: 16/28 MP: 16/22
  5849 | D:5      | Entered Level 5 of the Dungeon
  5893 | D:5      | Noticed Grinder
  5899 | D:5      | Noticed Grinder
  5899 | D:5      | Grinder changed into Grinder the crimson imp
  5903 | D:5      | Killed Grinder the crimson imp
  6016 | D:5      | Reached skill level 6 in Necromancy
  6016 | D:5      | Reached XP level 7. HP: 26/32 MP: 16/24
  6096 | D:5      | Reached skill level 1 in Fighting
  6096 | D:5      | Reached skill level 1 in Short Blades
  6208 | D:5      | Reached skill level 2 in Short Blades
  6411 | D:5      | Found a shattered altar of Ashenzari.
  6483 | D:5      | Reached skill level 2 in Fighting
  6630 | D:5      | Reached skill level 3 in Short Blades
  6924 | D:6      | Reached XP level 8. HP: 33/39 MP: 19/25
  6930 | D:6      | Reached skill level 3 in Fighting
  6935 | D:6      | Found Qedurph's Antique Weapon Shoppe.
  6944 | D:6      | Reached skill level 4 in Short Blades
  7047 | D:6      | Found a blossoming altar of Fedhas.
  7412 | D:6      | Found a glowing drain.
  7419 | Sewer    | Entered a sewer
  7533 | Sewer    | Reached skill level 5 in Short Blades
  7718 | Sewer    | Reached skill level 4 in Fighting
  8733 | D:6      | Reached skill level 6 in Short Blades
  8774 | D:6      | Found a staircase to the Ecumenical Temple.
  8780 | Temple   | Entered the Ecumenical Temple
  9088 | D:7      | Reached skill level 4 in Stealth
  9097 | D:7      | Noticed fcrawl's ghost (experienced GrBe)
  9106 | D:7      | Learned a level 4 spell: Control Undead
  9178 | D:7      | Reached skill level 4 in Dodging
  9247 | D:7      | Reached XP level 9. HP: 32/46 MP: 11/27
  9267 | D:7      | Reached skill level 5 in Dodging
  9267 | D:7      | Reached skill level 5 in Stealth
  9319 | D:7      | Reached skill level 1 in Charms
  9326 | D:7      | Reached skill level 2 in Charms
  9364 | D:7      | Found a flagged portal.
  9370 | D:7      | Got a scorched hand axe
  9480 | Bailey   | Entered a bailey
  9562 | Bailey   | Reached skill level 3 in Charms
  9668 | Bailey   | Noticed an orc knight
  9734 | Bailey   | Found a burning altar of Makhleb.
  9746 | Bailey   | Noticed an anubis guard
  9746 | Bailey   | an orc knight changed into an anubis guard
  9748 | Bailey   | good
  9780 | Bailey   | Killed from afar by an anubis guard

Vanquished Creatures
  3 ice beasts
  A water moccasin (D:6)
  A soldier ant (D:7)
  2 orc warriors (Bailey)
  2 centaurs (D:5)
  A sky beast (D:7)
  3 ogres
  2 giant frogs (Sewer)
  3 scorpions
  A crimson imp (D:5)
  4 hounds
  2 giant frog skeletons
  7 orc wizards
  An orc priest (D:7)
  An iguana (D:6)
  4 worker ants
  A hound skeleton (D:6)
  A worker ant zombie (D:6)
  11 adders
  7 gnolls
  6 giant mites (Sewer)
  3 worms
  An adder skeleton (D:7)
  10 giant geckos
  9 oozes (Sewer)
  18 orcs
  14 ball pythons
  8 bats
  A bat skeleton (D:6)
  A bat zombie (D:5)
  18 hobgoblins
  8 jackals
  2 quokkas
  23 giant cockroaches
  A giant gecko skeleton (D:5)
  16 giant newts
  13 goblins
  A jackal skeleton (D:4)
  24 kobolds
  A quokka skeleton (D:7)
  18 rats
254 creatures vanquished.
